[ AOE2 MATCH · #474467584 ]
UnrankedByzantines vs Spanish
Player's team · LOSS
Rival team · WIN
[ REPLAY ANALYSIS · EXTRACTED FROM THE RECORDED GAME ]
Feudal
10:19
Castle
19:35
Imperial
—
| APM avg | 34.3 |
| APM peak | 73 |
| eAPM avg | 16.3 |
| Villagers / military | 50 / 30 |
Focus
⚔️ 34.0% · 🌾 66.0%
Skirmisher ×16 · Knight ×7 · Monk ×4 · Militia ×3
Feudal
14:13
Castle
18:47
Imperial
—
| APM avg | 34.1 |
| APM peak | 56 |
| eAPM avg | 16.7 |
| Villagers / military | 64 / 34 |
Focus
⚔️ 21.1% · 🌾 78.9%
Conquistador ×30 · Mangonel ×3 · Battering Ram ×1
Match map
Initial resources + every placement click. Lines = walls · curves = elevation contours. ◆ gold · ⬟ stone · ● berries · ✦ relic · ◌ wall gap
Your base· ✓ Closed at 19:35 · 30t walls · 2 gate(s)
Kkk's base· ✓ Closed at 18:47 · 47t walls · no gate
Smoothed initial terrain · ◌ = detected wall gap · hover for details
Inputs per minute
— KvaKva - - Kkk
Build order — KvaKva
First 150 of 157 actions detected
| 0:00 | Create | Villager (Male) |
| 0:01 | Create | Villager (Male) |
| 0:02 | Build | House |
| 0:03 | Build | House |
| 0:05 | Research | Loom |
| 0:32 | Create | Villager (Male) |
| 0:33 | Create | Villager (Male) |
| 0:33 | Create | Villager (Male) |
| 0:33 | Create | Villager (Male) |
| 1:51 | Create | Villager (Male) |
| 2:13 | Build | Mill |
| 2:16 | Create | Villager (Male) |
| 3:04 | Create | Villager (Male) |
| 3:34 | Create | Villager (Male) |
| 4:06 | Create | Villager (Male) |
| 4:20 | Create | Villager (Male) |
| 4:32 | Build | House |
| 4:47 | Create | Villager (Male) |
| 4:48 | Create | Villager (Male) |
| 5:20 | Create | Villager (Male) |
| 5:40 | Build | House |
| 5:44 | Create | Villager (Male) |
| 5:44 | Create | Villager (Male) |
| 5:45 | Create | Villager (Male) |
| 6:26 | Build | Lumber Camp |
| 7:34 | Create | Villager (Male) |
| 7:53 | Build | House |
| 8:09 | Research | Feudal Age |
| 8:37 | Build | Barracks |
| 9:21 | Build | Mining Camp |
| 9:30 | Create | Militia |
| 9:50 | Create | Militia |
| 10:05 | Create | Militia |
| 10:19 | Age | Feudal Age |
| 10:22 | Create | Villager (Male) |
| 10:24 | Research | Double-Bit Axe |
| 10:32 | Build | Mill |
| 10:48 | Create | Villager (Male) |
| 10:53 | Build | House |
| 10:54 | Build | House |
| 10:57 | Build | Palisade Wall |
| 11:00 | Build | House |
| 11:01 | Build | House |
| 11:02 | Build | Palisade Wall |
| 11:39 | Create | Villager (Male) |
| 12:07 | Create | Villager (Male) |
| 12:18 | Build | Farm |
| 12:19 | Create | Villager (Male) |
| 12:26 | Build | Palisade Wall |
| 12:28 | Build | Palisade Wall |
| 12:31 | Create | Villager (Male) |
| 12:40 | Build | Farm |
| 13:00 | Build | Farm |
| 13:11 | Build | Farm |
| 13:14 | Create | Villager (Male) |
| 13:34 | Build | Farm |
| 13:43 | Create | Villager (Male) |
| 14:16 | Create | Villager (Male) |
| 14:36 | Create | Villager (Male) |
| 15:06 | Create | Villager (Male) |
| 15:15 | Build | Market |
| 15:20 | Build | Market |
| 15:26 | Build | Palisade Gate |
| 15:31 | Create | Villager (Male) |
| 15:58 | Create | Villager (Male) |
| 15:59 | Create | Villager (Male) |
| 16:18 | Build | Blacksmith |
| 16:49 | Build | Lumber Camp |
| 16:55 | Research | Castle Age |
| 17:12 | Research | Horse Collar |
| 17:24 | Build | Palisade Wall |
| 17:29 | Build | Palisade Gate |
| 17:31 | Build | Palisade Wall |
| 18:08 | Build | Stable |
| 18:15 | Build | House |
| 18:17 | Build | Palisade Wall |
| 18:48 | Build | Lumber Camp |
| 18:57 | Build | Stable |
| 19:11 | Research | Forging |
| 19:12 | Research | Scale Barding Armor |
| 19:28 | Build | Farm |
| 19:29 | Build | Farm |
| 19:35 | Age | Castle Age |
| 19:35 | Build | Farm |
| 19:38 | Build | Farm |
| 19:42 | Create | Knight |
| 19:43 | Create | Knight |
| 19:48 | Research | Husbandry |
| 19:48 | Research | Husbandry |
| 20:09 | Build | Farm |
| 20:13 | Create | Knight |
| 20:14 | Create | Villager (Male) |
| 20:23 | Build | Monastery |
| 20:31 | Create | Villager (Male) |
| 20:36 | Create | Knight |
| 20:48 | Create | Villager (Male) |
| 20:52 | Build | Farm |
| 21:08 | Create | Villager (Male) |
| 21:19 | Create | Villager (Male) |
| 21:20 | Create | Knight |
| 21:32 | Create | Monk |
| 21:36 | Create | Villager (Male) |
| 21:41 | Build | Farm |
| 21:42 | Build | Farm |
| 21:46 | Build | Farm |
| 21:47 | Build | Farm |
| 21:49 | Create | Villager (Male) |
| 22:30 | Create | Villager (Male) |
| 22:38 | Build | Farm |
| 22:38 | Build | Farm |
| 22:39 | Build | Farm |
| 22:50 | Create | Villager (Male) |
| 23:01 | Create | Monk |
| 23:05 | Build | Archery Range |
| 23:06 | Build | Archery Range |
| 23:08 | Research | Fletching |
| 23:21 | Build | University |
| 23:25 | Create | Villager (Male) |
| 23:30 | Build | House |
| 23:31 | Build | House |
| 23:32 | Build | House |
| 23:38 | Create | Monk |
| 23:46 | Build | Farm |
| 23:53 | Build | Palisade Wall |
| 24:00 | Create | Villager (Male) |
| 24:02 | Create | Skirmisher |
| 24:08 | Research | Bodkin Arrow |
| 24:10 | Create | Villager (Male) |
| 24:14 | Build | Farm |
| 24:22 | Create | Skirmisher |
| 24:38 | Create | Skirmisher |
| 24:39 | Create | Skirmisher |
| 24:41 | Create | Villager (Male) |
| 24:57 | Create | Skirmisher |
| 24:57 | Create | Skirmisher |
| 24:57 | Create | Skirmisher |
| 24:57 | Create | Skirmisher |
| 25:10 | Build | Lumber Camp |
| 25:30 | Build | Watch Tower |
| 25:33 | Create | Skirmisher |
| 25:33 | Create | Skirmisher |
| 25:48 | Build | Palisade Gate |
| 25:52 | Build | Lumber Camp |
| 25:55 | Create | Skirmisher |
| 25:55 | Create | Skirmisher |
| 26:14 | Create | Skirmisher |
| 26:15 | Create | Skirmisher |
| 26:37 | Research | Elite Skirmisher (upgrade) |
| 26:57 | Create | Villager (Male) |
| 26:58 | Create | Villager (Male) |
Build order — Kkk
First 150 of 188 actions detected
| 0:01 | Create | Villager (Male) |
| 0:01 | Create | Villager (Male) |
| 0:01 | Create | Villager (Male) |
| 0:02 | Build | House |
| 0:04 | Build | House |
| 0:08 | Research | Loom |
| 0:08 | Research | Loom |
| 0:08 | Create | Villager (Male) |
| 0:16 | Create | Villager (Male) |
| 0:19 | Create | Villager (Male) |
| 0:36 | Create | Villager (Male) |
| 0:37 | Create | Villager (Male) |
| 1:27 | Create | Villager (Male) |
| 2:01 | Create | Villager (Male) |
| 2:31 | Build | Lumber Camp |
| 2:33 | Create | Villager (Male) |
| 2:33 | Create | Villager (Male) |
| 3:08 | Create | Villager (Male) |
| 3:08 | Create | Villager (Male) |
| 3:11 | Create | Villager (Male) |
| 3:11 | Create | Villager (Male) |
| 3:49 | Create | Villager (Male) |
| 3:59 | Build | House |
| 4:24 | Build | Mill |
| 4:33 | Create | Villager (Male) |
| 5:03 | Create | Villager (Male) |
| 5:06 | Create | Villager (Male) |
| 5:25 | Create | Villager (Male) |
| 5:28 | Build | Farm |
| 6:09 | Create | Villager (Male) |
| 6:11 | Build | Farm |
| 6:19 | Build | House |
| 6:28 | Create | Villager (Male) |
| 6:59 | Create | Villager (Male) |
| 7:12 | Create | Villager (Male) |
| 7:13 | Create | Villager (Male) |
| 7:31 | Create | Villager (Male) |
| 7:43 | Build | Lumber Camp |
| 7:44 | Create | Villager (Male) |
| 7:49 | Build | House |
| 7:55 | Create | Villager (Male) |
| 7:57 | Build | Farm |
| 8:01 | Create | Villager (Male) |
| 8:16 | Build | Farm |
| 8:29 | Create | Villager (Male) |
| 8:42 | Build | Palisade Wall |
| 8:44 | Create | Villager (Male) |
| 8:58 | Build | House |
| 8:59 | Build | Palisade Wall |
| 9:02 | Create | Villager (Male) |
| 9:07 | Build | Palisade Wall |
| 9:12 | Build | Farm |
| 9:21 | Build | Palisade Wall |
| 9:24 | Build | Palisade Wall |
| 9:38 | Create | Villager (Male) |
| 9:51 | Build | Palisade Wall |
| 10:11 | Build | Mining Camp |
| 10:14 | Create | Villager (Male) |
| 10:24 | Build | Palisade Wall |
| 10:34 | Build | Palisade Wall |
| 10:36 | Build | Mining Camp |
| 10:57 | Create | Villager (Male) |
| 11:00 | Build | Palisade Wall |
| 11:23 | Build | House |
| 11:25 | Build | Palisade Wall |
| 11:31 | Build | Palisade Wall |
| 11:38 | Create | Villager (Male) |
| 11:47 | Build | House |
| 11:50 | Build | House |
| 11:54 | Research | Feudal Age |
| 12:08 | Build | Farm |
| 12:10 | Build | Farm |
| 12:12 | Build | Farm |
| 12:16 | Build | House |
| 12:29 | Create | Villager (Male) |
| 13:19 | Build | House |
| 13:56 | Build | House |
| 14:13 | Age | Feudal Age |
| 14:15 | Build | Market |
| 14:23 | Build | House |
| 14:31 | Create | Villager (Male) |
| 15:04 | Build | Blacksmith |
| 15:11 | Create | Villager (Male) |
| 15:17 | Build | House |
| 15:36 | Create | Villager (Male) |
| 16:07 | Research | Castle Age |
| 16:07 | Research | Castle Age |
| 16:10 | Build | House |
| 16:11 | Build | House |
| 16:21 | Build | Farm |
| 16:30 | Build | House |
| 16:57 | Build | Watch Tower |
| 17:22 | Create | Villager (Male) |
| 18:00 | Research | Stone Mining |
| 18:14 | Research | Double-Bit Axe |
| 18:31 | Build | House |
| 18:47 | Age | Castle Age |
| 18:56 | Build | Palisade Wall |
| 19:13 | Build | Castle |
| 19:19 | Build | Palisade Wall |
| 19:21 | Create | Villager (Male) |
| 19:22 | Create | Villager (Male) |
| 19:33 | Research | Bow Saw |
| 19:38 | Research | Horse Collar |
| 19:39 | Build | Farm |
| 19:41 | Build | Farm |
| 19:55 | Research | Gold Mining |
| 19:56 | Create | Villager (Male) |
| 20:19 | Create | Villager (Male) |
| 20:23 | Build | Farm |
| 20:30 | Build | Farm |
| 20:31 | Research | Padded Archer Armor |
| 20:33 | Create | Conquistador |
| 20:33 | Create | Conquistador |
| 20:51 | Create | Villager (Male) |
| 20:52 | Build | Farm |
| 20:53 | Build | Farm |
| 20:55 | Build | Farm |
| 21:06 | Create | Conquistador |
| 21:06 | Create | Conquistador |
| 21:17 | Build | Farm |
| 21:23 | Create | Conquistador |
| 21:23 | Create | Conquistador |
| 21:24 | Create | Villager (Male) |
| 21:27 | Build | Farm |
| 21:29 | Build | Farm |
| 21:36 | Create | Conquistador |
| 21:36 | Create | Conquistador |
| 21:50 | Create | Villager (Male) |
| 21:53 | Build | Farm |
| 22:02 | Build | House |
| 22:24 | Create | Conquistador |
| 22:25 | Create | Conquistador |
| 22:25 | Create | Conquistador |
| 22:33 | Create | Villager (Male) |
| 22:40 | Build | Farm |
| 22:49 | Create | Conquistador |
| 22:49 | Create | Conquistador |
| 22:54 | Build | Farm |
| 23:17 | Create | Villager (Male) |
| 23:18 | Create | Villager (Male) |
| 23:20 | Build | Farm |
| 23:23 | Create | Conquistador |
| 23:28 | Build | Farm |
| 23:29 | Build | Farm |
| 23:30 | Build | Farm |
| 23:42 | Build | Barracks |
| 23:44 | Create | Villager (Male) |
| 23:47 | Create | Conquistador |
| 23:55 | Build | House |
Match timeline
| 8:37 | KvaKva · first_building Barracks |
| 8:42 | Kkk · wall_segment Palisade Wall x6 |
| 8:59 | Kkk · wall_segment Palisade Wall x1 |
| 9:07 | Kkk · wall_segment Palisade Wall x10 |
| 9:21 | Kkk · wall_segment Palisade Wall x5 |
| 9:24 | Kkk · wall_segment Palisade Wall x3 |
| 9:51 | Kkk · wall_segment Palisade Wall x3 |
| 10:19 | KvaKva · age_up feudal |
| 10:24 | Kkk · wall_segment Palisade Wall x6 |
| 10:34 | Kkk · wall_segment Palisade Wall x6 |
| 10:57 | KvaKva · wall_segment Palisade Wall x10 |
| 11:00 | Kkk · wall_segment Palisade Wall x4 |
| 11:02 | KvaKva · wall_segment Palisade Wall x1 |
| 11:25 | Kkk · wall_segment Palisade Wall x2 |
| 11:31 | Kkk · wall_segment Palisade Wall x1 |
| 12:26 | KvaKva · wall_segment Palisade Wall x1 |
| 12:28 | KvaKva · wall_segment Palisade Wall x1 |
| 14:13 | Kkk · age_up feudal |
| 15:01 | Kkk · first_market_buy 100 wood |
| 16:01 | Kkk · first_market_sell 100 stone |
| 16:53 | KvaKva · first_market_buy 100 food |
| 17:24 | KvaKva · wall_segment Palisade Wall x11 |
| 17:31 | KvaKva · wall_segment Palisade Wall x6 |
| 18:08 | KvaKva · first_building Stable |
| 18:17 | KvaKva · wall_segment Palisade Wall x1 |
| 18:47 | Kkk · age_up castle |
| 18:56 | Kkk · wall_segment Palisade Wall x1 |
| 19:13 | Kkk · first_building Castle |
| 19:19 | Kkk · wall_segment Palisade Wall x1 |
| 19:35 | KvaKva · age_up castle |
| 20:23 | KvaKva · first_building Monastery |
| 23:05 | KvaKva · first_building Archery Range |
| 23:42 | Kkk · first_building Barracks |
| 23:53 | KvaKva · wall_segment Palisade Wall x1 |
| 25:17 | Kkk · first_building Siege Workshop |
| 26:23 | KvaKva · first_market_sell 100 food |
| 28:47 | KvaKva · resign |
[ AI ANALYSIS · 1 CREDIT ]
What really happened in this match?
Wolo.gg analyzes every decision: build order, eco, micro, common mistakes by bracket. Personalized analysis on WhatsApp or Discord in 30 seconds.
Civ guide
Byzantines
Perfil
Jugador #4975145